 Dungeon Crawl Stone Soup version 0.27.1-33-g824d729ab1 (webtiles) character file.

Game seed: 17630224871852944125

4180 pkoi the Grappler (level 10, -39/77 HPs)
             Began as a Pale Draconian Monk on Dec 8, 2021.
             Was a Believer of Dithmenos.
             Annihilated by a boulder beetle (52 damage)
             ... on level 8 of the Dungeon.
             The game lasted 00:15:33 (12387 turns).

pkoi the Grappler (Pale Draconian Monk)            Turns: 12387, Time: 00:15:33

Health: -39/77     AC: 11    Str: 14    XL:     10   Next: 8%
Magic:  25/25      EV: 12    Int: 14    God:    Dithmenos [**....]
Gold:   469        SH:  0    Dex: 13    Spells: 13/17 levels left

rFire    . . .     SeeInvis .     - Unarmed
rCold    . . .     Faith    .   (no shield)
rNeg     . . .     Spirit   .   (armour unavailable)
rPois    .         Reflect  .   (helmet restricted)
rElec    .         Harm     .   g - +0 cloak
rCorr    .         Rampage  .   l - +2 pair of gloves
Will     .....                  (no boots)
Stlth    +++.......             (no amulet)
HPRegen  0.22/turn              j - ring of magical power
MPRegen  0.19/turn              r - ring of wizardry

@: short of breath, wreathed by umbra
A: breathe steam, AC +7, unfitting armour, cold-blooded, steam resistance
a: Breathe Steam, Renounce Religion, Shadow Step


You were on level 8 of the Dungeon.
You worshipped Dithmenos.
Dithmenos was pleased with you.
You visited 2 branches of the dungeon, and saw 9 of its levels.

You collected 579 gold pieces.
You spent 110 gold pieces at shops.

Inventory:

Hand Weapons
 f - a +2 dagger of venom
Missiles
 a - 25 poisoned darts (quivered)
Armour
 g - a +0 cloak (worn)
 l - a +2 pair of gloves (worn)
 v - a +1 pair of boots of rampaging
Jewellery
 j - a ring of magical power (left hand)
 r - a ring of wizardry (right hand)
 s - a ring of protection from cold
Wands
 b - a wand of iceblast (6)
 h - a wand of flame (21)
 m - a wand of charming (4)
 w - a wand of polymorph (6)
Scrolls
 d - 3 scrolls of amnesia
 e - 2 scrolls of teleportation
 i - a scroll of enchant armour
 n - a scroll of vulnerability
 p - a scroll of holy word {unknown}
Potions
 c - 2 potions of curing
 k - a potion of heal wounds
 o - a potion of flight
 q - 2 potions of ambrosia
 t - 2 potions of resistance
 u - 2 potions of haste


   Skills:
 - Level 3.2 Fighting
 - Level 2.6 Dodging
 - Level 5.0 Stealth
 * Level 10.7 Unarmed Combat
 - Level 4.0 Spellcasting
 + Level 5.1 Hexes
 + Level 2.4 Translocations
 - Level 2.1 Invocations
 - Level 4.0 Evocations


You had 13 spell levels left.
You knew the following spells:

 Your Spells              Type           Power      Damage    Failure   Level
a - Apportation           Tloc           18%        N/A       2%          1
b - Confusing Touch       Hex            17%        N/A       2%          3

Your spell library contained the following spells:

 Spells                   Type           Power      Damage    Failure   Level
 Slow                     Hex            17%        N/A       1%          2
 Freeze                   Ice            8%         1d3       8%          1
 Frozen Ramparts          Ice            4%         1d2       22%         3
 Hailstorm                Conj/Ice       2%         3d3       56%         4
 Yara's Violent Unravell  Hex/Tmut       4%         3d4       56%         5
 Invisibility             Hex            8%         N/A       78%         6
 Alistair's Intoxication  Tmut/Pois      1%         N/A       88%         5
 Freezing Cloud           Conj/Ice/Air   1%         6-21      88%         5
 Simulacrum               Ice/Necr       1%         N/A       100%        6
 Polar Vortex             Ice            1%         N/A       100%        9


Dungeon Overview and Level Annotations

Branches:
Dungeon (8/15)             Temple (1/1) D:4            Lair (0/6) D:8

Altars:
Ashenzari
Cheibriados
Dithmenos
Elyvilon
Fedhas
Gozag
Hepliaklqana
Kikubaaqudgha
Makhleb
Nemelex Xobeh
Okawaru
Qazlal
Ru
Sif Muna
Trog
Uskayaw
Vehumet
Wu Jian
Xom
Yredelemnul
Zin
The Shining One

Shops:
D:1 !   D:3 (


Innate Abilities, Weirdness & Mutations

You can breathe blasts of scalding, opaque steam.
Your pale cyan-grey scales are hard. (AC +7)
You cannot fit into any form of body armour.
You are cold-blooded and may be slowed by cold attacks.
You are immune to the effects of steam.


Message History

The boulder beetle is moderately wounded.
You have got your breath back.
You hit the boulder beetle.
The boulder beetle is moderately wounded.
The boulder beetle closely misses you.
The boulder beetle curls into a ball and begins rolling!
The boulder beetle hits you.
* * * LOW HITPOINT WARNING * * *
The boulder beetle stops rolling and uncurls.
Attack: -) Nothing wielded
Press: ? - help, Dir - move target, p - boulder beetle
Okay, then.
Unknown command.
The boulder beetle curls into a ball and begins rolling!
Aiming: Iceblast
Press: ? - help, Shift-Dir - straight line, f/p - boulder beetle
Aim: a boulder beetle (moderately wounded, rolling, umbra)
The mass of ice explodes!
The iceblast engulfs the boulder beetle!!
The boulder beetle is heavily wounded.
Unknown command.
The boulder beetle hits you!!
* * * LOW HITPOINT WARNING * * *
The boulder beetle stops rolling and uncurls.
The boulder beetle curls into a ball and begins rolling!
Aiming: Iceblast
Press: ? - help, Shift-Dir - straight line, f/p - boulder beetle
Aim: a boulder beetle (heavily wounded, rolling, umbra)
The mass of ice explodes!
The iceblast engulfs the boulder beetle!
The boulder beetle is severely wounded.
Unknown command.
Press: ? - help, Shift-Dir - straight line, f/p - boulder beetle
Aim: a boulder beetle (severely wounded, rolling, umbra)
You exhale a blast of scalding steam.
The ball of steam hits the boulder beetle but does no damage.
The boulder beetle is severely wounded.
The boulder beetle hits you!!!
Ouch! That really hurt!
You die...

≈P≈..##.....$....##
≈≈.P≈##..........#
≈P≈≈P≈...........#
P≈≈♣≈≈.≈...#+#####
≈≈P≈≈≈♣≈≈P≈#.....#
P≈≈.≈≈♣≈≈≈.P.##.####
....≈P≈≈♣≈≈≈≈.......#
.......P♣≈≈≈≈≈...##.#
.....P≈≈≈♣♣♣≈≈≈#@.#.#
.....≈≈≈♣≈≈≈≈P≈#B##°####
....≈≈≈≈♣≈♣≈P≈≈#§°°....#
≈.≈≈≈≈♣≈♣≈≈≈≈..#######..#
≈≈≈≈≈≈≈≈≈≈≈≈≈### .#
≈≈♣≈≈≈≈≈P.+.####### .#
.≈P≈P≈≈≈..........# #.#
.#...###..........# #..
.......'..........####..#.##


You could see a boulder beetle (rolling).

Vanquished Creatures
  Pikel (D:6)
  Grinder (D:3)
  Eustachio (D:6)
  2 chaos spawn (D:8)
  A water moccasin (D:6)
  Duvessa (D:7)
  An orc warrior (D:4)
  A sky beast (D:6)
  An ice beast (D:6)
  A necrophage (D:7)
  4 ogres
  A black bear (D:4)
  A centaur (D:7)
  3 lemures
  2 phantoms
  A bullfrog (D:6)
  A wyvern zombie (D:8)
  3 scorpions
  Dowan (D:7)
  10 killer bees (D:8)
  5 wights (D:5)
  3 electric eels (D:8)
  3 hounds
  3 jellies
  Crazy Yiuf (D:3)
  2 orc priests
  2 centaur skeletons
  2 bullfrog skeletons
  5 orc wizards
  A hound skeleton (D:5)
  2 howler monkey zombies (D:7)
  4 gnolls (D:8)
  5 adders
  3 ufetubi
  A worm (D:3)
  5 dart slugs
  28 orcs
  3 bats
  4 endoplasms
  2 giant cockroaches (D:2)
  9 goblins
  6 hobgoblins
  3 iguanas
  7 jackals
  5 kobolds
  2 quokkas (D:1)
  5 ball pythons
  A frilled lizard (D:1)
  2 rats
162 creatures vanquished.

Vanquished Creatures (collateral kills)
  An orc (D:5)
1 creature vanquished.

Vanquished Creatures (others)
  A fungus (D:3)
  48 plants (D:8)
49 creatures vanquished.

Grand Total: 212 creatures vanquished

Notes
Turn   | Place    | Note
-------+----------+-------------------------------------------
     0 | D:1      | pkoi the Draconian Monk began the quest for the Orb.
     0 | D:1      | Reached XP level 1. HP: 19/19 MP: 1/1
     6 | D:1      | Noticed a black bear
     6 | D:1      | Noticed a komodo dragon
     6 | D:1      | Noticed a hound
     7 | D:1      | Noticed a six-headed hydra
     7 | D:1      | Noticed a swamp worm
    95 | D:1      | Found a faded altar of an unknown god.
   131 | D:1      | Reached XP level 2. HP: 20/26 MP: 2/2
   238 | D:1      | Found Inoast's Distillery.
   499 | D:1      | Learned a level 1 spell: Apportation
   828 | D:2      | Reached skill level 4 in Unarmed Combat
   871 | D:2      | Reached XP level 3. HP: 27/31 MP: 3/3
  1664 | D:2      | Found a blossoming altar of Fedhas.
  2145 | D:1      | Bought a potion of mutation for 88 gold pieces
  2145 | D:1      | Bought 2 potions of degeneration for 22 gold pieces
  2203 | D:3      | Reached XP level 4. HP: 38/38 MP: 4/4
  2209 | D:3      | Noticed a scorpion
  2471 | D:3      | Killed a scorpion
  2472 | D:3      | Reached skill level 5 in Unarmed Combat
  3046 | D:3      | Noticed Grinder
  3052 | D:3      | Paralysed by Grinder for 3 turns
  3061 | D:3      | Paralysed by Grinder for 4 turns
  3071 | D:3      | Killed Grinder
  3072 | D:3      | Reached skill level 6 in Unarmed Combat
  3072 | D:3      | Reached XP level 5. HP: 20/45 MP: 5/5
  3072 | D:3      | Reached XP level 6. HP: 23/51 MP: 6/6
  3434 | D:3      | Found Veyfru Eretz's Weapon Boutique.
  3930 | D:3      | Found a runed translucent door.
  3931 | D:3      | Noticed Crazy Yiuf
  3938 | D:3      | Killed Crazy Yiuf
  4384 | D:4      | Reached skill level 1 in Spellcasting
  4384 | D:4      | Reached skill level 1 in Translocations
  4610 | D:4      | Found a shimmering altar of Xom.
  4721 | D:4      | Your scales start taking on a pale cyan-grey colour.
  4721 | D:4      | Reached XP level 7. HP: 54/57 MP: 8/8
  4721 | D:4      | Gained mutation: You are immune to the effects of steam.
                  | [Pale Draconian growth]
  4876 | D:4      | Reached skill level 7 in Unarmed Combat
  5051 | D:4      | Found a staircase to the Ecumenical Temple.
  5063 | Temple   | Entered the Ecumenical Temple
  5416 | D:5      | Entered Level 5 of the Dungeon
  5497 | D:5      | Learned a level 3 spell: Confusing Touch
  6094 | D:4      | Reached skill level 1 in Hexes
  6476 | D:5      | Found a shimmering blue altar of Sif Muna.
  6477 | D:5      | Found an iron altar of Okawaru.
  6572 | D:5      | Reached XP level 8. HP: 57/63 MP: 11/11
  7091 | D:5      | Reached skill level 8 in Unarmed Combat
  7410 | D:6      | Noticed Pikel
  7838 | D:6      | Noticed Eustachio
  7850 | D:6      | Killed Eustachio
  7943 | D:6      | Reached skill level 9 in Unarmed Combat
  8052 | D:6      | Reached XP level 9. HP: 16/70 MP: 14/14
  8068 | D:6      | Killed Pikel
  8484 | D:6      | Found a faded altar of an unknown god.
  8484 | D:6      | Found an ancient bone altar of Kikubaaqudgha.
  8491 | D:6      | Found a faded altar of an unknown god.
  8493 | D:6      | Found a glowing golden altar of the Shining One.
  8495 | D:6      | Found a blossoming altar of Fedhas.
  8526 | D:6      | Found a stormy altar of Qazlal.
  8785 | D:7      | Found an ornate altar of the Wu Jian Council.
  9299 | D:7      | Found a shadowy altar of Dithmenos.
  9306 | D:7      | Reached skill level 5 in Stealth
  9316 | D:7      | Became a worshipper of Dithmenos the Shadowed
  9316 | D:7      | Reached * piety under Dithmenos
  9316 | D:7      | Reached ** piety under Dithmenos
  9345 | D:7      | Noticed Dowan
  9359 | D:7      | Noticed Duvessa
  9790 | D:7      | Killed Dowan
  9791 | D:7      | Reached skill level 1 in Invocations
  9794 | D:7      | Killed Duvessa
  9795 | D:7      | Reached skill level 10 in Unarmed Combat
 10428 | D:8      | Found a shimmering altar of Xom.
 10824 | D:8      | Found the +7 mace of Variability {chain chaos}
 10844 | D:8      | Identified the +5 ring mail of Wu Jian's Hatred {rCorr
                  | Str-2 Dex-5 SInv}
 11285 | D:8      | Reached skill level 5 in Hexes
 11285 | D:8      | Reached XP level 10. HP: 42/77 MP: 16/16
 11826 | D:8      | Found a staircase to the Lair.
 11881 | D:8      | Noticed a boulder beetle
 11900 | D:8      | HP: 1/77 [boulder beetle (25)]
 12387 | D:8      | Annihilated by a boulder beetle

Illustrated notes

Levels and vault maps discovered:
D:1:      onia_arrival_zoo_common, layout_loops_ring, serial_shops, shop,
          shapermc_ecumenical_altar_mp_urbaneastern,
          amcnicky_mini_rare_corridor_liquid, minmay_tall_x
D:2:      layout_basic, serial_corexii_hall, chequers_hall_statues_corner_a,
          chequers_hall_statues_corner_a, basic_altar, guppyfry_early_orc_mine
D:3:      layout_loops_ring, serial_shops, shop, kennysheep_cross_room,
          uniq_crazy_yiuf_cottage, uniq_grinder
D:4:      layout_basic, dk_xom_monty_hall, minmay_temple_entry_purple_smoke
D:5:      layout_basic, grunt_temple_overflow_open, minmay_strange_pillars,
          bh_walls_and_bars
D:6:      layout_cave_pools, nicolae_qazlal_style_of_elements,
          chequers_temple_overflow_minitemple, uniq_eustachio, uniq_pikel
D:7:      layout_gridville, nicolae_wu_jian_immortal_techniques,
          nicolae_dithmenos_shadow_blocks, kennysheep_big_empty_room,
          uniq_duvessa
D:8:      layout_basic, lair_entry_dummy, serial_bayou, serial_bayou_crossing,
          serial_bayou_pond_b, serial_bayou_shore_b, serial_bayou_lagoon_a,
          minmay_guarded_unrand_variability
Temple:   dshaligram_water_room_temple

Skill      XL: |  1  2  3  4  5  6  7  8  9 |
---------------+----------------------------+-----
Unarmed Combat | 4 6 7 9 10 | 10.7
Evocations     | 2 3 4 |  4.0
Spellcasting   | 1 2 3 4 |  4.0
Translocations | 1 2 |  2.4
Stealth        | 2 4 5 |  5.0
Hexes          | 1 3 5 |  5.1
Invocations    | 2 |  2.1
Fighting       | |  3.2
Dodging        | |  2.6

Action                   |  1- 3 |  4- 6 |  7- 9 | 10-12 || total
-------------------------+-------+-------+-------+-------++-------
Melee: Unarmed           |   148 |    84 |   286 |    55 ||   573
       Tailslap          |    17 |    14 |    43 |     8 ||    82
       Punch             |     1 |     2 |    16 |     1 ||    20
       Dagger            |       |     8 |       |       ||     8
 Abil: Breathe Steam     |       |       |    25 |     3 ||    28
Evoke: Wand              |       |     3 |     2 |     5 ||    10
  Use: Scroll            |     2 |     3 |     4 |     1 ||    10
       Potion            |       |     4 |     1 |     2 ||     7
 Stab: Sleeping          |     2 |     2 |     8 |     2 ||    14
Armor: Skin              |    30 |    27 |   128 |    10 ||   195
Dodge: Dodged            |   100 |    33 |   187 |    34 ||   354
